 Dungeon Crawl Stone Soup version 0.31.0-11-ge490571c62 (webtiles) character file.

Game seed: 17660976156279212367

181 qw the Ducker (level 5, 0/26 HPs)
             Began as a Spriggan Hunter on Feb 3, 2024.
             Slain by a goblin
             ... wielding a +0 dagger
             ... led by Robin
              (3 damage)
             ... on level 3 of the Dungeon.
             The game lasted 00:00:34 (1634 turns).

qw the Ducker (Spriggan Hunter)                     Turns: 1634, Time: 00:00:35

Health: 0/26       AC:  2    Str:  7    XL:     5   Next: 34%
Magic:  6/6        EV: 21    Int: 10    God:
Gold:   30         SH:  5    Dex: 21    Spells: 4/4 levels left

rFire   . . .        a - +1 shortbow
rCold   . . .        (shield currently unavailable)
rNeg    . . .        c - +0 robe
rPois   .            (helmet restricted)
rElec   .            (no cloak)
rCorr   .            (gloves unavailable)
SInv    +            (boots unavailable)
Will    .....        f - amulet of reflection
Stlth   ++           (no ring)
HPRegen 0.24/turn    (no ring)
MPRegen 0.10/turn

%: reflection
@: very quick
A: very small, no large weapons, unfitting armour, see invisible, speed 3
a: no special abilities


You were on level 3 of the Dungeon.
You visited 1 branch of the dungeon, and saw 3 of its levels.

You collected 69 gold pieces.
You spent 39 gold pieces at shops.


Innate Abilities, Weirdness & Mutations

You are very small and have problems with some larger weapons.
You are too small for most types of armour.
You have supernaturally acute eyesight. (SInv)
You cover ground extremely quickly. (Speed+++)


   Skills:
 - Level 2.2 Fighting
 + Level 5.2 Ranged Weapons
 - Level 5.3 Dodging
 - Level 1.5 Stealth


You had 4 spell levels left.
You didn't know any spells.
Your spell library was empty.

Inventory:

Hand Weapons
 a - a +1 shortbow (weapon)
Armour
 c - a +0 robe (worn)
Jewellery
 f - an amulet of reflection (around neck)
Potions
 d - a potion of might {unknown}
 g - a potion of mutation {unknown}
 h - a potion of degeneration {unknown}
 j - a potion of curing

Dungeon Overview and Level Annotations

Branches:
Dungeon (3/15)

Altars:

Shops:
D:2 !


Message History

You shoot an arrow. The arrow hits the goblin.
The goblin is moderately wounded.
The goblin closely misses you. x2; The goblin misses you. x2
You shoot an arrow. The arrow misses the goblin.
The goblin no longer looks unusually strong.
You block the goblin's attack. The goblin misses you.
The goblin splashes around in the water.
The goblin hits you with a +0 dagger.
You shoot an arrow. The arrow misses the goblin.
The goblin barely misses you.
The goblin splashes around in the water.
You block the goblin's attack. The goblin completely misses you. x3
You shoot an arrow. The arrow closely misses the goblin.
The goblin no longer looks unusually strong.
The goblin closely misses you. The goblin completely misses you.
The goblin barely misses you. The goblin completely misses you.
You shoot an arrow. The arrow hits the goblin.
You kill the goblin!
The goblin splashes around in the water.
The goblin completely misses you. You block the goblin's attack.
The goblin splashes around in the water.
You shoot an arrow. The arrow barely misses the goblin.
The goblin barely misses you. The goblin closely misses you.
The goblin completely misses you.
You shoot an arrow. The arrow closely misses the goblin.
You block the goblin's attack.
The goblin splashes around in the water.
The goblin completely misses you.
You shoot an arrow.
The arrow hits the goblin but does no damage.
You block the goblin's attack.
The goblin splashes around in the water.
The goblin hits you with a +0 dagger.
You shoot an arrow. The arrow hits the goblin!
You kill the goblin!
You hear a splash.
The goblin barely misses you.
The goblin splashes around in the water.
The goblin hits you with a +0 dagger.
You die...

#.# #.# #.# ####.#
.....# ###### ### #.
##.## ########.)#)
##.#.## #~.g@)).~..~
##.###.## #..g)).~~..~
..#####.## #(.~~~~~~~~~
.).......####.~~~~~~~~~~
..#####......~.~~~~~~~~~
..............~~~~...~~~
###.#.#######..~~~._7~~~
#.# #~~~~~~7.~~~ ###
#..~~~~~~~


You could see 2 goblins.

Vanquished Creatures
  Jessica (D:3)
  Natasha (D:2)
  Robin (D:3)
  5 adders (D:2)
  A gnoll (D:1)
  3 dart slugs
  2 ribbon worms (D:2)
  3 ball pythons
  3 endoplasms
  A giant cockroach (D:1)
  9 goblins
  6 hobgoblins
  3 jackals (D:2)
  3 kobolds
  A quokka (D:2)
  5 bats
  4 frilled lizards
  10 rats
62 creatures vanquished.

Notes
Turn   | Place    | Note
-------+----------+-------------------------------------------
     0 | D:1      | qw the Spriggan Hunter began the quest for the Orb.
     0 | D:1      | Reached XP level 1. HP: 10/10 MP: 2/2
     0 | D:1      | 0 ||| qw: Version: 0.3-a-155-g5e7d8dd
     0 | D:1      | 0 ||| qw: Game counter: 3544
     0 | D:1      | 0 ||| qw: Melee chars always use a shield: true
     0 | D:1      | 0 ||| qw: God list: Okawaru
     0 | D:1      | 0 ||| qw: Allow faded altars: false
     0 | D:1      | 0 ||| qw: Do Orc after clearing Dungeon:15 true
     0 | D:1      | 0 ||| qw: Do second Lair branch before Depths: true
     0 | D:1      | 0 ||| qw: Lair rune preference: random
     0 | D:1      | 0 ||| qw: Goals: Normal
     0 | D:1      | 0 ||| PLANNING D:1-11
     9 | D:1      | Noticed a killer bee
     9 | D:1      | Noticed a polar bear
     9 | D:1      | Noticed an anaconda
    10 | D:1      | Noticed a wyvern
    10 | D:1      | Noticed a brain worm
    29 | D:1      | Reached skill level 3 in Dodging
   103 | D:1      | Reached XP level 2. HP: 14/14 MP: 3/3
   472 | D:1      | Reached XP level 3. HP: 18/18 MP: 4/4
   715 | D:1      | 715 ||| UPGRADING to amulet of reflection.
   720 | D:1      | 720 ||| READING scroll labelled ISHYTZOR POETONA.
   725 | D:1      | 725 ||| READING scroll labelled PUAZUF XIGE.
   726 | D:1      | 726 ||| DROPPING scroll of butterflies.
  1006 | D:2      | Reached XP level 4. HP: 17/22 MP: 5/5
  1122 | D:2      | Found Cutzugi's Distillery.
  1134 | D:2      | 1134 ||| BUYING potion of curing (39 gold).
  1134 | D:2      | Bought a potion of curing for 39 gold pieces
  1134 | D:2      | 1134 ||| SHOPLISTING potion of curing (39 gold, have 14).
  1134 | D:2      | 1134 ||| SHOPLISTING potion of enlightenment (65 gold, have
                  | 14).
  1134 | D:2      | 1134 ||| SHOPLISTING potion of heal wounds (65 gold, have
                  | 14).
  1134 | D:2      | 1134 ||| SHOPLISTING potion of might (52 gold, have 14).
  1134 | D:2      | 1134 ||| SHOPLISTING potion of mutation (104 gold, have
                  | 14).
  1134 | D:2      | 1134 ||| SHOPLISTING potion of resistance (130 gold, have
                  | 14).
  1152 | D:2      | Noticed Natasha
  1163 | D:2      | Killed Natasha
  1525 | D:2      | 1525 ||| READING scroll labelled VEDUHU VIAN COYNT.
  1526 | D:2      | 1526 ||| READING scroll labelled YTEEGYMIAQ.
  1527 | D:2      | 1527 ||| READING scroll labelled SAMUKK SUDUEM.
  1527 | D:2      | 1527 ||| ENCHANTING +0 shortbow.
  1575 | D:3      | Noticed Jessica
  1581 | D:3      | Killed Jessica
  1582 | D:3      | Reached XP level 5. HP: 26/26 MP: 6/6
  1595 | D:3      | Found a faded altar of an unknown god.
  1608 | D:3      | Noticed Robin
  1624 | D:3      | HP: 4/26 [Robin/+0 short sword (4)]
  1625 | D:3      | Killed Robin
  1633 | D:3      | HP: 2/26 [goblin/+0 dagger[Robin] (1)]
  1634 | D:3      | Slain by a goblin

Levels and vault maps discovered:
D:1:      onia_arrival_zoo_common, layout_loops_ring
D:2:      layout_basic, serial_shops, nicolae_shop_advertising_works
          [nicolae_subvault_shop_adworks], roderic_serpentine_path,
          minmay_misc_feat_roman, minmay_misc_feat_secret_circle, uniq_natasha
D:3:      layout_loops_ring, serial_shops, shop,
          chequers_ecumenical_altar_island, uniq_jessica, uniq_sigmund,
          uniq_robin, uniq_terence

Skill      XL: |  1  2  3  4 |
---------------+-------------+-----
Dodging        | 3 4 5 |  5.3
Ranged Weapons | 5 |  5.2
Fighting       | 2 |  2.2
Stealth        | |  1.5

Action                     |  1- 3 |  4- 6 || total
---------------------------+-------+-------++-------
   Fire: Shortbow          |   126 |    82 ||   208
    Use: Scroll            |     2 |     3 ||     5
 Armour: Robe              |    14 |    17 ||    31
  Dodge: Dodged            |    42 |    75 ||   117
  Block: Other             |     6 |    17 ||    23

Table legend:
 A = Non-vault XP
 B = Vault XP
 C = Vault XP percentage of total XP
 D = Non-vault monster count
 E = Vault monster count
 F = Vault count percentage of total count
                 A         B        C        D         E       F
            +---------+---------+-------+---------+---------+-------
      Total |     157 |     104 |  39.8 |      51 |      11 |  17.7
            +---------+---------+-------+---------+---------+-------
        D:1 |      55 |       0 |   0.0 |      27 |       0 |   0.0
        D:2 |      98 |      35 |  26.3 |      23 |       1 |   4.2
        D:3 |       4 |      69 |  94.5 |       1 |      10 |  90.9
            +---------+---------+-------+---------+---------+-------
